 Dungeon Crawl Stone Soup version 0.27-a0-1046-g98bf31544f (webtiles) character file.

Game seed: 5085052627921071462

3962 Nosferatu13666 the Covert (level 10, 0/50 HPs)
             Began as a Spriggan Brigand on Apr 19, 2021.
             Was a Follower of Dithmenos.
             Slain by Joseph
             ... wielding a +0 quarterstaff
              (13 damage)
             ... on level 8 of the Dungeon.
             The game lasted 00:59:47 (11684 turns).

Nosferatu13666 the Covert (Spriggan Brigand)       Turns: 11684, Time: 00:59:48

Health: 0/50       AC:  2    Str:  7    XL:     10   Next: 2%
Magic:  17/19      EV: 24    Int: 19    God:    Dithmenos [*.....]
Gold:   379        SH:  0    Dex: 20    Spells: 17/20 levels left

rFire    . . .     SeeInvis +   a - +3 dagger (freeze)
rCold    . . .     Faith    .   (shield restricted)
rNeg     . . .     Spirit   .   (armour restricted)
rPois    .         Reflect  .   (helmet restricted)
rElec    .         Harm     .   c - +1 cloak
rCorr    .         Rampage  .   (gloves unavailable)
Will     +....                  (boots unavailable)
Stlth    ++++++....             (no amulet)
HPRegen  0.16/turn              t - ring of wizardry
MPRegen  0.16/turn              i - +6 ring of intelligence

@: mighty, confusing by touch, wreathed by umbra, very quick
A: very small, no large weapons, unfitting armour, see invisible, speed 3
a: Renounce Religion


You were on level 8 of the Dungeon.
You worshipped Dithmenos.
Dithmenos was aware of your devotion.
You visited 2 branches of the dungeon, and saw 9 of its levels.

You collected 379 gold pieces.

Inventory:

Hand Weapons
 a - a +3 dagger of freezing (weapon)
 n - a +0 short sword of electrocution
Missiles
 e - 7 poisoned darts (quivered)
 s - a throwing net
Armour
 b - a +0 robe
 c - a +1 cloak (worn)
 w - a +1 robe
Jewellery
 i - a +6 ring of intelligence (right hand)
 t - a ring of wizardry (left hand)
 u - a +4 ring of protection
Wands
 d - a wand of charming (6)
 p - a wand of acid (3)
Scrolls
 g - a scroll of identify
 m - a scroll of enchant armour
 v - a scroll of silence {unknown}
Potions
 f - a potion of curing
 h - a potion of brilliance {unknown}
 j - a potion of magic {unknown}
 k - 3 potions of mutation
 l - 2 potions of lignification
 o - a potion of heal wounds
 q - 3 potions of might
 r - a potion of cancellation {unknown}


   Skills:
 + Level 4.2 Fighting
 + Level 5.9 Short Blades
 + Level 5.5 Throwing
 * Level 8.9 Dodging
 + Level 10.3 Stealth
 + Level 5.9 Spellcasting
 + Level 5.6 Hexes
 + Level 2.1 Invocations


You had 17 spell levels left.
You knew the following spells:

 Your Spells              Type           Power      Damage    Failure   Level
a - Confusing Touch       Hex            27%        N/A       1%          3

Your spell library contained the following spells:

 Spells                   Type           Power      Damage    Failure   Level
 Corona                   Hex            30%        N/A       1%          1
 Beastly Appendage        Tmut           10%        N/A       4%          1
 Summon Small Mammal      Summ           20%        N/A       4%          1
 Portal Projectile        Hex/Tloc       32%        N/A       4%          3
 Summon Guardian Golem    Hex/Summ       16%        N/A       4%          3
 Call Imp                 Summ           5%         N/A       7%          2
 Wereblood                Tmut           5%         N/A       7%          2
 Call Canine Familiar     Summ           5%         N/A       14%         3
 Spider Form              Tmut/Pois      2%         N/A       14%         3
 Silence                  Hex/Air        8%         N/A       36%         5
 Animate Armour           Summ/Erth      10%        N/A       41%         4
 Ice Form                 Ice/Tmut       5%         N/A       41%         4
 Sticky Flame             Conj/Fire      5%         2d3       41%         4
 Summon Ice Beast         Ice/Summ       5%         N/A       41%         4
 Summon Lightning Spire   Summ/Air       5%         N/A       41%         4
 Hydra Form               Tmut           2%         N/A       75%         5
 Starburst                Conj/Fire      2%         8x6d3     99%         6
 Ignition                 Fire           2%         3d3       100%        8


Dungeon Overview and Level Annotations

Branches:
Dungeon (8/15)             Temple (1/1) D:6
   Lair: D:8-11

Altars:
Cheibriados
Dithmenos
Elyvilon
Fedhas
Gozag
Kikubaaqudgha
Makhleb
Nemelex Xobeh
Ru
Wu Jian
Xom
Zin

Shops:
D:7 =

Annotations:
D:5 Prince Ribbit
D:7 3 runed translucent doors, dricus's ghost, novice DjAE
D:8 Joseph


Innate Abilities, Weirdness & Mutations

You are very small and have problems with some larger weapons.
You are too small for most types of armour.
You have supernaturally acute eyesight. (SInv)
You cover ground extremely quickly. (Speed+++)


Message History

Things that are here:
a +0 scimitar of flaming; a +1 robe
w - a +1 robe
Okay, then.
You start removing your armour.
You continue taking off your +0 robe. x4
You finish taking off your +0 robe.
You start putting on your armour.
You continue putting on your +1 robe. x3
Joseph shoots a sling bullet.
Keep equipping yourself? [Y]es or [N]o only, please.
Keep equipping yourself? [Y]es or [N]o only, please.
Keep equipping yourself? [Y]es or [N]o only, please.
Keep equipping yourself?
Uppercase [Y]es or [N]o only, please.
Keep equipping yourself?
You stop putting on your armour.
The sling bullet closely misses you.
Joseph shoots a sling bullet.
The sling bullet hits you!!
* * * LOW HITPOINT WARNING * * *
The sling bullet freezes you.
* * * LOW HITPOINT WARNING * * *
You feel much better.
Okay, then.
You feel very mighty all of a sudden.
Casting: Confusing Touch (safe; 1% risk of failure)
Confirm with . or Enter, or press ? or * to list all spells.
Your hands begin to glow red.
You start resting.
Joseph is nearby!
Joseph unwields a +6 hunting sling of freezing.
Joseph wields a +0 quarterstaff.
Joseph barely misses you.
You completely miss Joseph. You hit Joseph but do no damage.
Joseph zaps a wand.
The bolt of acid hits you!
You are splashed with acid!
* * * LOW HITPOINT WARNING * * *
You hit Joseph but do no damage. Joseph closely misses you.
You hit Joseph but do no damage. You barely miss Joseph.
Joseph hits you with a +0 quarterstaff!
You die...

##### #... ###.#
#...# #.#.#####.#
#.#.@.....#
#.#@####..... #.#.#
#.#### #.#.####.###
.# .. #.#).......
..# ..
#.######@######.##.
#.................
########.........
#......#.#


You could see Joseph.

Vanquished Creatures
  Erica (D:8)
  A hornet (D:8)
  A wyvern (D:7)
  A steam dragon (D:7)
  Menkaure (D:4)
  2 water moccasins
  Duvessa (D:7)
  A sky beast (D:7)
  2 orc warriors (D:7)
  2 ice beasts
  A necrophage (D:4)
  5 ogres
  A centaur (D:5)
  2 phantoms
  A kobold brigand (D:6)
  3 bullfrogs
  Blork the orc (D:5)
  A water moccasin zombie (D:5)
  2 killer bees (D:7)
  Dowan (D:7)
  A centaur zombie (D:6)
  A bullfrog zombie (D:5)
  3 orc priests
  A bullfrog skeleton (D:6)
  2 hounds (D:6)
  A centaur skeleton (D:4)
  An iguana (D:6)
  Ijyb (D:3)
  4 orc wizards
  Natasha (D:3)
  A howler monkey zombie (D:5)
  4 gnolls
  A howler monkey skeleton (D:6)
  7 adders
  2 white imps (D:7)
  An ufetubus (D:7)
  An adder skeleton (D:4)
  An adder zombie (D:5)
  A worm (D:2)
  3 dart slugs
  26 orcs
  5 ball pythons
  2 bats (D:1)
  8 endoplasms
  2 giant cockroaches
  5 hobgoblins
  4 jackals (D:1)
  13 kobolds
  3 quokkas
  6 frilled lizards
  9 goblins
  4 rats
156 creatures vanquished.

Notes
Turn   | Place    | Note
-------+----------+-------------------------------------------
     0 | D:1      | Nosferatu13666 the Spriggan Brigand began the quest for the
                  | Orb.
     0 | D:1      | Reached XP level 1. HP: 10/10 MP: 2/2
   206 | D:1      | Reached skill level 6 in Stealth
   243 | D:1      | Reached XP level 2. HP: 15/15 MP: 3/3
  1175 | D:2      | Reached XP level 3. HP: 18/18 MP: 4/4
  1288 | D:2      | Reached skill level 7 in Stealth
  1468 | D:2      | Found a faded altar of an unknown god.
  1632 | D:2      | Reached XP level 4. HP: 23/23 MP: 5/5
  1901 | D:2      | Identified the Almanac of the Ensnaring Mountains
  2670 | D:3      | Found a blossoming altar of Fedhas.
  2770 | D:3      | Found a burning altar of Makhleb.
  3073 | D:3      | Found a snail-covered altar of Cheibriados.
  3163 | D:3      | Noticed Natasha
  3429 | D:3      | Killed Natasha
  3594 | D:3      | Noticed Ijyb
  3627 | D:3      | Killed Ijyb
  3628 | D:3      | Reached XP level 5. HP: 26/26 MP: 6/6
  5012 | D:4      | Noticed Menkaure
  5021 | D:4      | Killed Menkaure
  5022 | D:4      | Reached XP level 6. HP: 32/32 MP: 7/7
  5124 | D:5      | Entered Level 5 of the Dungeon
  5279 | D:5      | Reached skill level 8 in Stealth
  5464 | D:4      | Learned a level 3 spell: Confusing Touch
  5510 | D:5      | Reached skill level 1 in Spellcasting
  5510 | D:5      | Reached XP level 7. HP: 35/35 MP: 9/9
  5582 | D:5      | Noticed Prince Ribbit
  5609 | D:5      | Noticed Blork the orc
  5617 | D:5      | Killed Blork the orc
  5675 | D:4      | Reached skill level 5 in Dodging
  5928 | D:5      | Reached skill level 1 in Hexes
  6249 | D:5      | Noticed a gargoyle
  6419 | D:6      | Found a staircase to the Ecumenical Temple.
  6465 | D:6      | Reached XP level 8. HP: 40/40 MP: 11/13
  6845 | D:6      | Reached skill level 9 in Stealth
  6920 | Temple   | Entered the Ecumenical Temple
  6960 | Temple   | Became a worshipper of Dithmenos the Shadowed
  7209 | D:6      | Identified the Collected Works on the Arsonist
  8238 | D:7      | Noticed Dowan
  8698 | D:7      | Found Keigech's Jewellery Shop.
  8709 | D:7      | Reached skill level 5 in Short Blades
  8709 | D:7      | Reached XP level 9. HP: 44/44 MP: 17/17
  8722 | D:7      | Reached skill level 5 in Spellcasting
  8769 | D:7      | Found a runed translucent gate.
  8770 | D:7      | Found a runed translucent gate.
  8770 | D:7      | Found a runed translucent gate.
  9203 | D:6      | Reached * piety under Dithmenos
  9425 | D:7      | Noticed Duvessa
  9462 | D:7      | Killed Dowan
  9463 | D:7      | Reached skill level 5 in Throwing
  9508 | D:7      | Killed Duvessa
  9801 | D:7      | Found a sparkling altar of Nemelex Xobeh.
  9993 | D:7      | Reached skill level 5 in Hexes
 10217 | D:7      | Noticed dricus's ghost (novice DjAE)
 10482 | D:8      | Noticed a two-headed ogre
 10484 | D:8      | Noticed Joseph
 10700 | D:7      | Reached skill level 1 in Invocations
 11231 | D:8      | Reached skill level 10 in Stealth
 11652 | D:8      | Noticed Erica
 11658 | D:8      | Killed Erica
 11659 | D:8      | Reached XP level 10. HP: 27/50 MP: 19/19
 11684 | D:8      | Slain by Joseph

Illustrated notes

Levels and vault maps discovered:
D:1:      dpeg_arrival_orchard, layout_loops_ring, serial_park_tiny_pond,
          minmay_misc_feat_columns, minmay_misc_feat_x
D:2:      layout_basic, hellmonk_ecumenical_altar_crossroads,
          hangedman_glass_teeth
D:3:      layout_basic, lemuel_crystal_altar, old_standard_altar, slow_altar_2,
          minmay_joined_circles, uniq_natasha, uniq_ijyb
D:4:      layout_cave_pods, uniq_menkaure
D:5:      layout_gridville, nrook_loot_triangle, minmay_misc_feat_tower,
          chequers_serial_rivers_micro_c, amcnicky_mini_pool_small,
          minmay_manual_moon, uniq_blork_the_orc, uniq_eustachio,
          uniq_prince_ribbit1
D:6:      layout_loops_ring, minmay_temple_entry_statues
D:7:      layout_cave_pods, nemelex_xobeh_ov_fountains_minmay,
          nicolae_ossuary_entry_plus, serial_shops, shop, gammafunk_ghost_icy,
          uniq_duvessa
D:8:      layout_basic, uniq_erica, uniq_joseph
Temple:   minmay_crystal_spiral_temple

Skill      XL: |  1  2  3  4  5  6  7  8  9 |
---------------+----------------------------+-----
Stealth        | 6 7 8 9 10 | 10.3
Fighting       | 2 3 4 |  4.2
Short Blades   | 3 4 5 |  5.9
Dodging        | 2 4 5 7 8 |  8.9
Throwing       | 3 4 5 |  5.5
Spellcasting   | 1 3 4 5 |  5.9
Hexes          | 2 4 5 |  5.6
Invocations    | 2 |  2.1

Action                   |  1- 3 |  4- 6 |  7- 9 | 10-12 || total
-------------------------+-------+-------+-------+-------++-------
Melee: Dagger            |    71 |   132 |   278 |     5 ||   486
Throw: Dart              |    44 |    67 |   113 |       ||   224
 Cast: Confusing Touch   |       |       |    26 |     1 ||    27
Evoke: Wand              |       |     4 |    10 |       ||    14
  Use: Scroll            |     1 |     8 |     4 |       ||    13
       Potion            |       |       |     2 |     2 ||     4
 Stab: Sleeping          |    11 |     8 |    13 |       ||    32
       Paralysed         |       |     2 |     1 |       ||     3
       Distracted        |       |       |     2 |       ||     2
       Confused          |       |       |    16 |       ||    16
Armor: Robe              |     6 |    17 |    16 |       ||    39
Dodge: Dodged            |    39 |    76 |   226 |     3 ||   344

Table legend: (Time is in decaauts)
 A = Elapsed time spent in this place.
 B = Non-inter-level travel time spent in this place.
 C = Inter-level travel time spent in this place.
 D = Time resting spent in this place.
 E = Time spent auto-exploring this place.
 F = Levels seen in this place.
 G = Mean time per level.
                   A        B        C        D        E       F      G
               +--------+--------+--------+--------+--------+-----+--------+
         Total |   8815 |   8612 |    203 |   2382 |   3664 |   9 |  979.4 |
       Dungeon |   8766 |   8563 |    203 |   2382 |   3664 |   8 | 1095.8 |
        Temple |     48 |     48 |      0 |      0 |      0 |   1 |   48.0 |
               +--------+--------+--------+--------+--------+-----+--------+

Top non-repeatable levels by time:
     D:7: 1995 daAuts
     D:6: 1962 daAuts
     D:4: 1156 daAuts
     D:2: 1018 daAuts
     D:3: 1016 daAuts
     D:5: 824 daAuts
     D:1: 671 daAuts
     D:8: 123 daAuts
  Temple: 48 daAuts
